BSA
SPRINGFIELD STARS @ ST. LOUIS BROWNS
09/22/2027
 
TOP OF THE 1ST
Springfield Stars batting - Pitching for St. Louis Browns : LHP Bernardo Miranda
Pitching: LHP Bernardo Miranda
Batting: RHB Calvin Bennett 0-0: Called Strike
0-1: Called Strike
0-2: Foul Ball, location: 2F
0-2: SOLO HOME RUN (Line Drive, 7LD), Distance : 363 ft
Batting: RHB Juan Rodríguez 0-0: Swinging Strike
0-1: Foul Ball, location: 2F
0-2: Ball
1-2: Ball
2-2: Foul Ball, location: 2F
2-2: Ball
3-2: Strikes out looking
Batting: LHB Derek Davidson 0-0: Ball
1-0: Called Strike
1-1: SINGLE (Flyball, 9S)
Batting: LHB Felipe Guerrero 0-0: Called Strike
0-1: Ball
1-1: Ball
2-1: Ball
3-1: Called Strike
3-2: SINGLE (Line Drive, 8LS)
Derek Davidson to second
Batting: RHB Juan Carlos Rodríguez 0-0: Foul Ball, location: 2F
0-1: Called Strike
0-2: Ball
1-2: Strikes out swinging
Batting: SHB Shane Hutchinson 0-0: Ball
1-0: Foul Ball, location: 2F
1-1: Foul Ball, location: 2F
1-2: Foul Ball, location: 2F
1-2: Ball
2-2: SINGLE (Line Drive, 9LS)
Derek Davidson to third
Felipe Guerrero to second
Runner from 3rd tries for Home, SAFE, no throw
Batting: LHB Ryan Drake 0-0: Ball
1-0: Ball
2-0: Ball
3-0: Called Strike
3-1: Called Strike
3-2: Strikes out swinging
Top of the 1st over - 2 run(s), 4 hit(s), 0 error(s), 2 left on base; Springfield 2 - St. Louis 0
BOTTOM OF THE 1ST
St. Louis Browns batting - Pitching for Springfield Stars : LHP José López
Pitching: LHP José López
Batting: SHB Ryobe Yamamoto 0-0: Ball
1-0: Foul Ball, location: 2F
1-1: Foul Ball, location: 2F
1-2: Ball
2-2: Ball
3-2: Foul Ball, location: 2F
3-2: SINGLE (Groundball, 6MD)
Batting: RHB José Flores 0-0: Called Strike
0-1: Foul Ball, location: 2F
0-2: Ball
1-2: Foul Ball, location: 2F
1-2: Ball
2-2: Foul Ball, location: 2F
2-2: Ball
3-2: Strikes out swinging
Batting: LHB Robin Hill 0-0: Fielders Choice at 2nd, 4-6 (Groundball, 4)
Batting: RHB Adrian Prouse 0-0: Called Strike
Robin Hill steals 2nd base
0-1: Foul Ball, location: 2F
0-2: Ball
1-2: Ball
2-2: Ball
3-2: Base on Balls
Batting: LHB Jorge Torres 0-0: Called Strike
0-1: Foul Ball, location: 2F
Balk!
Robin Hill to third
Adrian Prouse to second
0-2: Ball
1-2: Foul Ball, location: 2F
1-2: Fly out, F8 (Flyball, 8LD)
Bottom of the 1st over - 0 run(s), 1 hit(s), 0 error(s), 2 left on base; Springfield 2 - St. Louis 0
TOP OF THE 2ND
Springfield Stars batting - Pitching for St. Louis Browns : LHP Bernardo Miranda
Batting: RHB Will Sterling 0-0: Called Strike
0-1: Fly out, F4 (Line Drive, 4)
Batting: LHB Jesús Tobías 0-0: Ball
1-0: Ball
2-0: Ball
3-0: Called Strike
3-1: DOUBLE (Line Drive, 78M)
Batting: RHB Calvin Bennett 0-0: Foul Ball, location: 2F
0-1: Ball
1-1: Swinging Strike
1-2: Fly out, F9 (Line Drive, 9)
Batting: RHB Juan Rodríguez 0-0: DOUBLE (Line Drive, 7D)
Jesús Tobías scores
Batting: LHB Derek Davidson 0-0: Ball
1-0: Called Strike
1-1: Called Strike
1-2: Foul Ball, location: 2F
1-2: Strikes out looking
Top of the 2nd over - 1 run(s), 2 hit(s), 0 error(s), 1 left on base; Springfield 3 - St. Louis 0
BOTTOM OF THE 2ND
St. Louis Browns batting - Pitching for Springfield Stars : LHP José López
Batting: RHB Anthony Rucker 0-0: Ball
1-0: Foul Ball, location: 2F
1-1: Ball
2-1: Swinging Strike
2-2: Ball
3-2: Foul Ball, location: 2F
3-2: Base on Balls
Batting: RHB Paco Castillo 0-0: Foul Ball, location: 2F
0-1: Ball
1-1: Called Strike
1-2: SINGLE (Groundball, 56D)
Anthony Rucker to second
Batting: RHB Vicente Valentín 0-0: Foul Ball, location: 2F
0-1: Ball
1-1: Ball
2-1: Called Strike
2-2: Foul Ball, location: 2F
2-2: Ball
3-2: Strikes out swinging
Batting: RHB Danny Walker 0-0: Called Strike
Anthony Rucker steals 3rd base
Paco Castillo to second
0-1: Ball
1-1: Swinging Strike
1-2: Foul Ball, location: 2F
1-2: SINGLE (Flyball, 6MD)
Anthony Rucker scores
Paco Castillo to third
Runner from 3rd tries for Home, throw and OUT!
Batting: SHB Ryobe Yamamoto 0-0: Foul Ball, location: 2F
0-1: Called Strike
Balk!
Danny Walker to second
0-2: Foul Ball, location: 2F
0-2: Foul Ball, location: 2F
0-2: Foul Ball, location: 2F
0-2: Ground out 4-3 (Groundball, 4S)
Bottom of the 2nd over - 1 run(s), 2 hit(s), 0 error(s), 1 left on base; Springfield 3 - St. Louis 1
TOP OF THE 3RD
Springfield Stars batting - Pitching for St. Louis Browns : LHP Bernardo Miranda
Batting: LHB Felipe Guerrero 0-0: Called Strike
0-1: Fly out, F3 (Popup, 3L)
Batting: RHB Juan Carlos Rodríguez 0-0: Ball
1-0: Called Strike
1-1: Ground out 5-3 (Groundball, 56)
Batting: SHB Shane Hutchinson 0-0: Ball
1-0: Foul Ball, location: 2F
1-1: Foul Ball, location: 2F
1-2: Foul Ball, location: 2F
1-2: Fly out, F5 (Popup, 56)
Top of the 3rd over - 0 run(s), 0 hit(s), 0 error(s), 0 left on base; Springfield 3 - St. Louis 1
BOTTOM OF THE 3RD
St. Louis Browns batting - Pitching for Springfield Stars : LHP José López
Batting: RHB José Flores 0-0: Ball
1-0: Reached on error, E6 (Groundball, 6)
Batting: LHB Robin Hill 0-0: Ground out 4-3 (Groundball, 4)
José Flores to third
Batting: RHB Adrian Prouse 0-0: Ball
1-0: Ball
Wild Pitch!
José Flores scores
2-0: Ball
3-0: Base on Balls
Batting: LHB Jorge Torres 0-0: Called Strike
Adrian Prouse steals 2nd base
0-1: Fly out, F7 (Flyball, 78M)
Batting: RHB Anthony Rucker 0-0: Ball
1-0: Ball
2-0: Called Strike
2-1: Fly out, F7 (Flyball, 78M)
Bottom of the 3rd over - 1 run(s), 0 hit(s), 1 error(s), 1 left on base; Springfield 3 - St. Louis 2
TOP OF THE 4TH
Springfield Stars batting - Pitching for St. Louis Browns : LHP Bernardo Miranda
Batting: LHB Ryan Drake 0-0: Ball
1-0: Ball
2-0: Ball
3-0: Foul Ball, location: 2F
3-1: Base on Balls
Batting: RHB Will Sterling 0-0: Ground out 1-3 (Groundball, 15S)
Ryan Drake to second
Batting: LHB Jesús Tobías 0-0: Foul Ball, location: 2F
0-1: Fly out, F8 (Line Drive, 8RM)
Batting: RHB Calvin Bennett 0-0: Ball
1-0: Ball
2-0: Fly out, F9 (Flyball, 89M)
Top of the 4th over - 0 run(s), 0 hit(s), 0 error(s), 1 left on base; Springfield 3 - St. Louis 2
BOTTOM OF THE 4TH
St. Louis Browns batting - Pitching for Springfield Stars : LHP José López
Batting: RHB Paco Castillo 0-0: Ball
1-0: Reached on error, E1 (Groundball, 13)
Batting: RHB Vicente Valentín 0-0: Swinging Strike
0-1: Swinging Strike
0-2: Ball
1-2: Foul Ball, location: 2F
1-2: Ball
2-2: Foul Ball, location: 2F
2-2: Ball
3-2: Fly out, F8 (Flyball, 8RM)
Batting: RHB Danny Walker 0-0: Called Strike
0-1: Ball
1-1: Foul Ball, location: 2F
1-2: Ball
2-2: Ball
Paco Castillo steals 2nd base
3-2: Base on Balls
Batting: SHB Ryobe Yamamoto 0-0: Ball
1-0: Called Strike
1-1: Foul Ball, location: 2F
1-2: Foul Ball, location: 2F
1-2: Ball
2-2: Foul Ball, location: 2F
2-2: Strikes out swinging
Pitching: LHP Jorge Aybar
Batting: RHB José Flores 0-0: Called Strike
0-1: Fielders Choice at 2nd, 5-4 (Groundball, 5)
Bottom of the 4th over - 0 run(s), 0 hit(s), 1 error(s), 1 left on base; Springfield 3 - St. Louis 2
TOP OF THE 5TH
Springfield Stars batting - Pitching for St. Louis Browns : LHP Bernardo Miranda
Batting: RHB Juan Rodríguez 0-0: Ground out 4-3 (Groundball, 4)
Batting: LHB Derek Davidson 0-0: Foul Ball, location: 2F
0-1: Foul Ball, location: 2F
0-2: Foul Ball, location: 2F
0-2: Foul Ball, location: 2F
0-2: Ball
1-2: Foul Ball, location: 2F
1-2: Ball
2-2: SINGLE (Line Drive, 78S)
Batting: LHB Felipe Guerrero 0-0: Ball
Wild Pitch!
Derek Davidson to second
1-0: Foul Ball, location: 2F
1-1: Called Strike
1-2: Ball
2-2: Foul Ball, location: 2F
2-2: Foul Ball, location: 2F
2-2: SINGLE (Groundball, 34D)
Derek Davidson to third
Runner from 3rd tries for Home, SAFE, no throw
Batting: RHB Juan Carlos Rodríguez 0-0: Called Strike
0-1: Ball
1-1: Foul Ball, location: 2F
1-2: Ball
2-2: Ball
3-2: SINGLE (Line Drive, 4MD)
Felipe Guerrero to second
Felipe Guerrero to third
Batting: SHB Shane Hutchinson Balk!
Felipe Guerrero scores
Juan Carlos Rodríguez to second
0-0: Intentional Walk
Pitching: LHP Luis Noriega
Batting: LHB Ryan Drake 0-0: Ball
1-0: Reached on error, E1 (Groundball, 13S)
Juan Carlos Rodríguez to third
Shane Hutchinson to second
Batting: RHB Will Sterling 0-0: Called Strike
0-1: DOUBLE (Flyball, 78XD)
Juan Carlos Rodríguez scores
Shane Hutchinson scores
Ryan Drake to third
Batting: LHB Jesús Tobías 0-0: Called Strike
0-1: Swinging Strike
0-2: Ball
1-2: Strikes out swinging
Batting: RHB Calvin Bennett 0-0: Ball
1-0: Called Strike
1-1: Called Strike
1-2: Ball
2-2: Ball
3-2: Strikes out swinging, 2-3 out at first.
Top of the 5th over - 4 run(s), 4 hit(s), 1 error(s), 2 left on base; Springfield 7 - St. Louis 2
BOTTOM OF THE 5TH
St. Louis Browns batting - Pitching for Springfield Stars : LHP Jorge Aybar
Batting: LHB Robin Hill 0-0: Ball
1-0: SINGLE (Groundball, 56D)
Batting: RHB Adrian Prouse 0-0: Called Strike
0-1: Fielders Choice at 2nd, 5-4 (Groundball, 5)
Batting: LHB Jorge Torres 0-0: Called Strike
Adrian Prouse is caught stealing 2nd base
0-1: Fly out, F7 (Line Drive, 7)
Bottom of the 5th over - 0 run(s), 1 hit(s), 0 error(s), 0 left on base; Springfield 7 - St. Louis 2
TOP OF THE 6TH
Springfield Stars batting - Pitching for St. Louis Browns : LHP Luis Noriega
Batting: RHB Juan Rodríguez 0-0: Ground out 6-3 (Groundball, 6)
Batting: LHB Derek Davidson 0-0: Ball
1-0: SINGLE (Line Drive, 6MD)
Batting: LHB Felipe Guerrero 0-0: Ball
1-0: Swinging Strike
1-1: Ball
2-1: Ball
3-1: Called Strike
3-2: 2-RUN HOME RUN (Flyball, 89XD), Distance : 384 ft
Batting: RHB Juan Carlos Rodríguez 0-0: Foul Ball, location: 2F
0-1: Ball
1-1: Called Strike
1-2: SINGLE (Line Drive, 6MD)
Batting: SHB Shane Hutchinson 0-0: Called Strike
0-1: Ball
1-1: Ball
2-1: Foul Ball, location: 2F
2-2: Foul Ball, location: 2F
2-2: Fly out, F7 (Flyball, 78XD)
Batting: LHB Ryan Drake 0-0: Called Strike
0-1: Ball
1-1: Fly out, F8 (Line Drive, 89S)
Top of the 6th over - 2 run(s), 3 hit(s), 0 error(s), 1 left on base; Springfield 9 - St. Louis 2
BOTTOM OF THE 6TH
St. Louis Browns batting - Pitching for Springfield Stars : LHP Jorge Aybar
Batting: RHB Anthony Rucker 0-0: SINGLE (Groundball, 6MD)
Batting: RHB Paco Castillo 0-0: Swinging Strike
0-1: Called Strike
Pickoff Throw to First - Out!
0-2: Ball
1-2: Strikes out swinging
Batting: RHB Vicente Valentín 0-0: Ball
1-0: Called Strike
1-1: Ball
2-1: Ball
3-1: Foul Ball, location: 2F
3-2: Fly out, F9 (Flyball, 9LS)
Bottom of the 6th over - 0 run(s), 1 hit(s), 0 error(s), 0 left on base; Springfield 9 - St. Louis 2
TOP OF THE 7TH
Springfield Stars batting - Pitching for St. Louis Browns : RHP Kitahachi Okada
Pitching: RHP Kitahachi Okada
Batting: RHB Will Sterling 0-0: Called Strike
0-1: Ball
1-1: Foul Ball, location: 2F
1-2: Foul Ball, location: 2F
1-2: Ball
2-2: Ground out 4-3 (Groundball, 4)
Batting: LHB Jesús Tobías 0-0: Ball
1-0: Called Strike
1-1: Called Strike
1-2: Ball
2-2: Fly out, F9 (Line Drive, 89D)
Batting: RHB Calvin Bennett 0-0: Fly out, F8 (Line Drive, 8RM)
Top of the 7th over - 0 run(s), 0 hit(s), 0 error(s), 0 left on base; Springfield 9 - St. Louis 2
BOTTOM OF THE 7TH
St. Louis Browns batting - Pitching for Springfield Stars : LHP Jorge Aybar
Now at SS: David García
Batting: RHB Danny Walker 0-0: Foul Ball, location: 2F
0-1: Ground out 4-3 (Groundball, 4)
Batting: SHB Ryobe Yamamoto 0-0: Ball
1-0: Ball
2-0: Foul Ball, location: 2F
2-1: Ball
3-1: Base on Balls
Batting: RHB José Flores 0-0: Ball
Wild Pitch!
Ryobe Yamamoto to second
1-0: Ball
2-0: Called Strike
2-1: Ground out 6-3 (Groundball, 6)
Ryobe Yamamoto to third
Batting: LHB Robin Hill 0-0: Called Strike
0-1: Swinging Strike
0-2: Foul Ball, location: 2F
0-2: Ground out 3-1 (Groundball, 34)
Bottom of the 7th over - 0 run(s), 0 hit(s), 0 error(s), 1 left on base; Springfield 9 - St. Louis 2
TOP OF THE 8TH
Springfield Stars batting - Pitching for St. Louis Browns : RHP Kitahachi Okada
Batting: RHB Juan Rodríguez 0-0: Ball
1-0: DOUBLE (Flyball, 9LM)
Batting: LHB Derek Davidson 0-0: Ball
1-0: Foul Ball, location: 2F
1-1: Foul Ball, location: 2F
1-2: 2-RUN HOME RUN (Flyball, 9D), Distance : 386 ft
Pitching: RHP Ramón Silva
Batting: LHB Felipe Guerrero 0-0: Ball
1-0: Called Strike
1-1: Called Strike
1-2: Ball
2-2: Ball
3-2: SINGLE (Line Drive, 9S)
Batting: RHB Juan Carlos Rodríguez 0-0: Ball
Felipe Guerrero steals 2nd base
1-0: Called Strike
1-1: Ball
2-1: SINGLE (Groundball, 5D)
Felipe Guerrero to third
Runner from 3rd tries for Home, SAFE, no throw
Batting: SHB Shane Hutchinson 0-0: Swinging Strike
0-1: Called Strike
0-2: Strikes out looking
Batting: SHB David García 0-0: Foul Ball, location: 2F
0-1: Foul Ball, location: 2F
0-2: Ground out U3 (Groundball, 34S)
Juan Carlos Rodríguez to second
Batting: RHB Will Sterling 0-0: Foul Ball, location: 2F
0-1: Ball
1-1: SINGLE (Groundball, 4MD)
Juan Carlos Rodríguez to third
Runner from 3rd tries for Home, SAFE, no throw
Batting: LHB Jesús Tobías 0-0: Ball
1-0: Foul Ball, location: 2F
1-1: Swinging Strike
1-2: Strikes out looking
Top of the 8th over - 4 run(s), 5 hit(s), 0 error(s), 1 left on base; Springfield 13 - St. Louis 2
BOTTOM OF THE 8TH
St. Louis Browns batting - Pitching for Springfield Stars : LHP Jorge Aybar
Batting: RHB Adrian Prouse 0-0: Foul Ball, location: 2F
0-1: Called Strike
0-2: Ball
1-2: Ball
2-2: Ball
3-2: Strikes out swinging
Batting: LHB Jorge Torres 0-0: Reached on error, E5 (Groundball, 56S)
Batting: RHB Anthony Rucker 0-0: Called Strike
0-1: Swinging Strike
0-2: Ball
1-2: Ball
2-2: Strikes out swinging
Batting: RHB Paco Castillo 0-0: Called Strike
0-1: SINGLE (Line Drive, 7LS)
Jorge Torres to third
Runner from 3rd tries for Home, SAFE, no throw
Batting: RHB Vicente Valentín 0-0: Ball
1-0: Fielders Choice at 2nd, U6 (Groundball, 6M)
Bottom of the 8th over - 1 run(s), 1 hit(s), 1 error(s), 1 left on base; Springfield 13 - St. Louis 3
TOP OF THE 9TH
Springfield Stars batting - Pitching for St. Louis Browns : RHP Ramón Silva
Pitching: LHP Brent Miller
Batting: RHB Calvin Bennett 0-0: Called Strike
0-1: Ball
1-1: Ball
2-1: Foul Ball, location: 2F
2-2: Foul Ball, location: 2F
2-2: Ball
3-2: SOLO HOME RUN (Line Drive, 7LD), Distance : 356 ft
Batting: RHB Juan Rodríguez 0-0: Called Strike
0-1: Ball
1-1: Swinging Strike
1-2: Fly out, F8 (Line Drive, 78M)
Pinch Hitting: RHB Desi Thompson 0-0: Ball
1-0: Called Strike
1-1: SOLO HOME RUN (Flyball, 9D), Distance : 385 ft
Batting: LHB Felipe Guerrero 0-0: SINGLE (Flyball, 6MD)
Batting: RHB Juan Carlos Rodríguez 0-0: Foul Ball, location: 2F
0-1: Foul Ball, location: 2F
0-2: Ball
1-2: Strikes out swinging
Batting: SHB Shane Hutchinson 0-0: Ball
1-0: Fly out, F5 (Line Drive, 5)
Top of the 9th over - 2 run(s), 3 hit(s), 0 error(s), 1 left on base; Springfield 15 - St. Louis 3
BOTTOM OF THE 9TH
St. Louis Browns batting - Pitching for Springfield Stars : LHP Jorge Aybar
Pitching: LHP Enrique Muńóz
Now at 2B: Desi Thompson
Batting: RHB Danny Walker 0-0: Called Strike
0-1: Called Strike
0-2: Ball
1-2: Fly out, F8 (Flyball, 8RS)
Batting: SHB Ryobe Yamamoto 0-0: Ball
1-0: Ball
2-0: Called Strike
2-1: Ball
3-1: Called Strike
3-2: Ground out U3 (Groundball, 34)
Pinch Hitting: RHB António Venecia 0-0: Ball
1-0: Ball
2-0: Called Strike
2-1: Swinging Strike
2-2: SINGLE (Groundball, 4MD)
Batting: LHB Robin Hill 0-0: Ball
1-0: Swinging Strike
1-1: Fly out, F7 (Line Drive, 7)
Bottom of the 9th over - 0 run(s), 1 hit(s), 0 error(s), 1 left on base; Springfield 15 - St. Louis 3
Thursday, March 30th, 2017 - OOTP Baseball 17.12 Build 75